cohdb
Replays
Latest Replays
All Replays
Popular Replays
Top Player Replays
Match Explorer
How It Works
Community
CoH3 Stats
Reddit
Sign in to upload your games and track your stats! →
Sign in with Steam
Match 43065446
Unlisted
Match 43065446
Overview
Messages
Build Orders
End
Construct Infanterie Kompanie
Kettenkrad Recon Vehicle
MG 42 Machine Gun Team
Selects Terror Battlegroup
Selects Machine Gun Camouflage
Grenadier Squad
Grenadier Squad
Construct Luftwaffe Kompanie
Flak 30 Anti-aircraft Gun Team
Support Elements
Selects Interrogate
Wirbelwind Flakpanzer
Wirbelwind Flakpanzer
Pioneer Squad
Wirbelwind Flakpanzer
Medical Bunker
Kettenkrad Recon Vehicle
Side Skirts
Construct Panzer Kompanie
Selects Defend the Fatherland
Stoßtruppen Squad
Stoßtruppen Squad
Panzer Officer Quarters
Stoßtruppen Squad
Medical Bunker
Selects King Tiger Heavy Tank
Selects Jericho Trumpet
King Tiger Heavy Tank
Medical Bunker
Panzer IV Medium Tank
Pioneer Squad
Pioneer Squad
Pioneer Squad
Selects V1 Rocket Strike
V1 Rocket Strike
Stoßtruppen Squad
Kettenkrad Recon Vehicle
Stoßtruppen Squad
Jericho Trumpet
Jäger Squad
V1 Rocket Strike
Kettenkrad Recon Vehicle
Medical Bunker
V1 Rocket Strike
Jarkke
Setti-Veke
ViiKumi
LOLWTF
DaddyWesker
nick8sk
0
0
Comments
sign in to comment!
No comments posted yet!